 Dungeon Crawl Stone Soup version 0.24.1 (webtiles) character file.

Game seed: 11289953588673733605, levelgen mode: deterministic

130 MajorAdolf the Twirler (level 5, -1/49 HPs)
             Began as a Naga Wanderer on Mar 31, 2020.
             Slain by a worker ant (8 damage)
             ... in the Ecumenical Temple.
             The game lasted 00:05:44 (3554 turns).

MajorAdolf the Twirler (Naga Wanderer)              Turns: 3554, Time: 00:05:45

Health: -1/49      AC:  7    Str: 14    XL:     5   Next: 13%
Magic:  8/8        EV:  9    Int: 15    God:
Gold:   168        SH:  0    Dex:  9    Spells: 8/8 levels left

rFire    . . .     SeeInvis +   b - +1 quarterstaff
rCold    . . .     Gourm    .   (shield currently unavailable)
rNeg     . . .     Faith    .   q - +2 robe {MR+}
rPois    +         Spirit   .   y - +1 helmet
rElec    .         Reflect  .   i - +0 cloak
rCorr    .         Harm     .   (no gloves)
MR       +....                  (no barding)
Stlth    +.........             h - amulet of magic regeneration
HPRegen  0.16/turn              (no ring)
MPRegen  0.36/turn              u - ring of attention

@: short of breath, very slow
A: large, see invisible, deformed body, poison resistance, slowness 2, slow
metabolism 1, spit poison 1, AC +1
a: Spit Poison


You were in the Ecumenical Temple.
You were not hungry.

You visited 2 branches of the dungeon, and saw 5 of its levels.

You collected 168 gold pieces.

Inventory:

Hand Weapons
 a - a +2 short sword
 b - a +1 quarterstaff (weapon)
 e - a +0 dagger
Armour
 d - a +0 robe
 i - a +0 cloak (worn)
 j - a scarf of cloud immunity
 n - a +0 scale mail
 q - a +2 robe of magic resistance (worn)
 y - a +1 helmet (worn)
Jewellery
 h - an amulet of magic regeneration (around neck)
 o - an uncursed amulet of the acrobat
 u - a ring of attention (right hand)
 x - an uncursed amulet of the gourmand {unknown}
 A - an uncursed ring of resist corrosion {unknown}
Wands
 l - a wand of digging (1)
Scrolls
 k - 2 scrolls of identify
 r - a scroll of teleportation
 t - a scroll of remove curse
 v - a scroll of fog
 w - a scroll of amnesia {unknown}
Potions
 m - a potion of invisibility {unknown}
 s - a potion of haste {unknown}
 z - a potion of degeneration {unknown}
Comestibles
 f - 4 rations
 B - 2 chunks of flesh


   Skills:
 - Level 3.0 Fighting
 - Level 1.0 Short Blades
 + Level 4.6 Staves
 - Level 1.0 Throwing
 - Level 3.0 Stealth
 - Level 2.0 Spellcasting
   Level 1.0 Summonings


You had 8 spell levels left.
You didn't know any spells.
Your spell library was empty.

Dungeon Overview and Level Annotations

Branches:
Dungeon (4/15)             Temple (1/1) D:4

Altars:
Cheibriados
Dithmenos
Nemelex Xobeh
Xom


Innate Abilities, Weirdness & Mutations

You cannot wear boots.
Your serpentine skin is tough. (AC +1)
You have supernaturally acute eyesight. (SInv)
Armour fits poorly on your strangely shaped body.
Your system is resistant to poisons. (rPois)
You cover ground very slowly.
You have a slow metabolism.
You can spit poison.


Message History

You kill the orc!
The worker ant barely misses you.
You sock the worker ant!
The worker ant is severely wounded.
The worker ant bites you.
* * * LOW HITPOINT WARNING * * *
The worker ant bites you.
* * * LOW HITPOINT WARNING * * *
You closely miss the worker ant.
The worker ant is severely wounded.
The worker ant bites you.
* * * LOW HITPOINT WARNING * * *
You closely miss the worker ant.
The worker ant is severely wounded.
The worker ant closely misses you.
Press: ? - help, Shift-Dir - straight line, f - worker ant
Aim: a worker ant (severely wounded)
The splash of poison misses the worker ant.
You feel slightly more hungry. The worker ant bites you!
You die...

.....#
......#
.......##
........#
.._.....##
.........#
......a).#
...._..@.#
.........#
.........#
.._.....##
........#
.......##
......#
.....#


You could see a worker ant.

Vanquished Creatures
  Ijyb (D:3)
  Robin (D:3)
  A howler monkey zombie (D:3)
  An ooze (D:3)
  A worm (D:3)
  2 dart slugs
  A leopard gecko (D:2)
  2 orcs
  3 giant cockroaches
  18 goblins
  7 hobgoblins
  7 jackals
  5 kobolds
  A ball python (D:3)
  2 bats (D:1)
  4 frilled lizards
  7 rats
64 creatures vanquished.

Notes
Turn   | Place    | Note
-------+----------+-------------------------------------------
     0 | D:1      | MajorAdolf the Naga Wanderer began the quest for the Orb.
     0 | D:1      | MajorAdolf set off with the following items: a +2 short
                  | sword, a +0 quarterstaff, a potion of curing, a +0 robe, a
                  | +0 dagger, a ration
     0 | D:1      | Reached XP level 1. HP: 21/21 MP: 3/3
   288 | D:1      | Reached skill level 1 in Staves
   338 | D:1      | Reached XP level 2. HP: 20/28 MP: 5/5
   764 | D:1      | Reached skill level 2 in Staves
  1094 | D:1      | Reached XP level 3. HP: 30/34 MP: 6/6
  1496 | D:2      | Reached skill level 3 in Staves
  2384 | D:3      | Noticed Ijyb
  2559 | D:3      | Killed Ijyb
  2559 | D:3      | Reached XP level 4. HP: 11/42 MP: 7/7
  2562 | D:3      | Reached skill level 4 in Staves
  2894 | D:3      | Noticed Robin
  3040 | D:3      | Killed Robin
  3040 | D:3      | Reached XP level 5. HP: 30/49 MP: 8/8
  3489 | D:4      | Found a shimmering altar of Xom.
  3530 | D:4      | Found a staircase to the Ecumenical Temple.
  3536 | Temple   | Entered the Ecumenical Temple
  3544 | Temple   | HP: 1/49 [worker ant (4)]
  3554 | Temple   | Slain by a worker ant

Levels and vault maps discovered:
D:1:      lightli_arrival_chessboard, layout_rooms,
          chequers_hall_statues_corner_a
D:2:      layout_basic
D:3:      layout_loops_ring, uniq_ijyb, uniq_robin
D:4:      layout_basic, lemuel_round_altar, minmay_temple_entry_glass,
          first_ration
Temple:   compressed_dpeg_circular_temple

Skill      XL: |  1  2  3  4 |
---------------+-------------+-----
Staves         | 1 2 3 4 |  4.6
Fighting       | |  3.0
Short Blades   | |  1.0
Throwing       | |  1.0
Stealth        | |  3.0
Spellcasting   | |  2.0
Summonings     | |  1.0

Action                   |  1- 3 |  4- 6 || total
-------------------------+-------+-------++-------
Melee: Quarterstaff      |   123 |    75 ||   198
 Abil: Spit Poison       |     6 |     4 ||    10
  Use: Scroll            |     4 |     3 ||     7
       Potion            |     1 |     2 ||     3
 Stab: Sleeping          |     3 |     1 ||     4
  Eat: Chunk             |     2 |     5 ||     7
Armor: Robe              |    34 |    30 ||    64
Dodge: Dodged            |    79 |    45 ||   124
